Map: Frozen Temple

Players

JunHyoSeong (Demi) - Winner!

  • Race: Zerg Zerg
  • League: Master

JonSnow

  • Race: Zerg Zerg
  • League: Master

Event: SpawningTool Invitational 1

VOD

https://www.youtube.com/watch?v=y051JGJX31k

Description

Time

  • Played on: May 30, 2016, 6:42 p.m.
  • Length: 19:39

All games in this series

Show
View Real Time Build Order
Export as new Build Order

JunHyoSeong Zerg - Winner!

Build Orders: Pool First 

Get SALT Encoding   

  12  0:18  Spawning Pool  
  11  0:22  Drone  
  11  0:28  Drone  
  13  0:34  Drone  
  14  0:41  Overlord  
  14  1:04  Queen  
  14  1:05  Zergling x2  
  14  1:06  Zergling x4  
  19  1:17  Zergling x2  
  20  1:30  Hatchery  
  19  1:34  Zergling x2  
  20  1:43  Drone  
  21  1:49  Overlord  
  21  2:02  Extractor, Queen  
  23  2:10  Drone  
  23  2:13  Drone  
  23  2:14  Drone x2  
  27  2:29  Drone x2  
  27  2:36  Zergling x2  
  27  2:41  Queen  
  29  2:45  Zergling x2  
  29  2:49  Spine Crawler  
  29  2:53  Zergling x4  
  29  2:58  Drone  
  32  3:05  Drone x3  
  34  3:11  Queen  
  36  3:18  Overlord  
  35  3:31  Overlord  
  35  3:37  Drone  
  35  3:38  Extractor, Drone x4  
  39  3:49  Drone x3  
  39  3:54  Drone x2  
  39  3:55  Extractor, Drone  
  44  3:58  Drone x2  
  46  4:08  Drone  
  48  4:17  Drone x3  
  48  4:19  Extractor  
  48  4:21  Roach Warren  
  48  4:22  Overlord  
  48  4:23  Evolution Chamber  
  47  4:27  Spine Crawler  
  46  4:31  Spine Crawler  
  46  4:37  Evolution Chamber  
  44  4:40  Evolution Chamber  
  44  4:42  Drone x3  
  47  4:48  Drone x3  
  47  4:49  Drone  
  53  4:53  Zerg Missile Weapons Level 1  
  53  4:54  Lair  
  53  4:58  Drone x3  
  57  5:14  Drone  
  57  5:15  Drone  
  57  5:19  Overlord x2  
  57  5:20  Hatchery  
  58  5:25  Overlord  
  58  5:39  Roach x2  
  58  5:40  Roach x4  
  70  5:47  Roach x2  
  70  5:48  Roach x2  
  77  5:53  Glial Reconstitution  
  77  5:54  Overseer  
  77  5:57  Overlord x2  
  77  6:03  Overlord x2  
  77  6:11  Roach x3  
  83  6:18  Roach  
  83  6:19  Roach x3  
  91  6:26  Overlord  
  91  6:30  Roach x2  
  95  6:35  Roach x3  
  101  6:44  Overlord  
  101  6:47  Roach  
  101  6:48  Roach  
  101  6:50  Roach  
  101  6:51  Roach x2  
  111  6:54  Zerg Missile Weapons Level 2  
  111  6:56  Drone  
  111  6:57  Drone  
  113  7:06  Drone x5  
  113  7:07  Extractor  
  117  7:09  Roach  
  119  7:18  Overlord x2  
  119  7:19  Overlord  
  119  7:21  Drone x3  
  122  7:24  Extractor  
  122  7:26  Overlord  
  122  7:27  Overlord  
  121  7:32  Roach x2  
  125  7:38  Roach  
  125  7:39  Roach x2  
  131  7:47  Drone x5  
  136  7:54  Roach  
  136  7:55  Roach x4  
  136  7:57  Pneumatized Carapace  
  146  8:08  Roach  
  146  8:09  Roach x4  
  156  8:20  Roach  
  156  8:21  Roach  
  156  8:25  Overlord x5  
  160  8:41  Hatchery  
  160  8:43  Overlord x2  
  159  8:50  Roach x6  
  171  8:58  Roach  
  171  8:59  Roach x4  
  181  9:05  Ravager x5  
  182  9:22  Roach x7  
  182  9:23  Roach x4  
  183  9:35  Ravager  
  183  9:36  Ravager  
  183  9:37  Ravager  
  183  9:38  Drone x4  
  188  9:39  Drone  
  188  9:42  Extractor  
  188  9:43  Zerg Ground Armor Level 1  
  188  9:45  Roach x3  
  196  9:46  Roach x2  
  185  10:09  Roach  
  185  10:10  Roach x9  
  197  10:28  Burrow  
  197  10:38  Ravager x3  
  198  11:18  Spire, Drone x2  
  199  11:19  Extractor  
  199  11:20  Extractor  
  187  11:45  Roach x15  
  187  11:46  Roach x8  
  186  11:49  Roach x8  
  186  11:53  Roach  
  147  11:54  Roach x14  
  161  12:12  Roach x5  
  161  12:13  Roach x5  
  165  12:17  Roach x2  
  169  12:23  Ravager x2  
  169  12:24  Ravager x2  
  173  12:31  Mutalisk x2  
  173  12:32  Mutalisk x3  
  183  12:37  Queen  
  183  12:38  Mutalisk x2  
  189  12:50  Mutalisk x2  
  193  13:05  Spore Crawler  
  192  13:08  Mutalisk x4  
  194  13:29  Mutalisk x5  
  194  13:46  Mutalisk x3  
  200  13:51  Spore Crawler  
  200  13:53  Spore Crawler  
  198  13:57  Mutalisk  
  190  14:20  Mutalisk  
  190  14:21  Mutalisk x6  
  197  14:28  Zerg Flyer Weapons Level 1  
  194  14:32  Drone  
  194  14:33  Drone x4  
  198  14:40  Mutalisk  
  198  14:41  Mutalisk  
  200  15:13  Mutalisk  
  198  15:15  Hatchery  
  198  15:16  Extractor  
  198  15:17  Extractor  
  197  15:32  Mutalisk x6  
  193  15:42  Mutalisk x3  
  197  15:56  Overlord x2  
  197  15:57  Spine Crawler x2  
  197  15:59  Spine Crawler  
  197  16:03  Extractor  
  197  16:04  Overlord  
  184  16:34  Mutalisk x2  
  184  16:35  Mutalisk x5  
  198  16:46  Mutalisk  
  200  17:25  Hatchery  
  176  19:11  Overlord x3  
Show
View Real Time Build Order
Export as new Build Order

JonSnow Zerg 

Build Orders: Hatch First 

Get SALT Encoding   

  12  0:00  Drone  
  13  0:12  Overlord  
  13  0:17  Drone  
  14  0:31  Drone x2  
  14  0:35  Drone  
  17  0:52  Hatchery  
  16  0:58  Drone  
  17  1:08  Spawning Pool  
  16  1:12  Drone  
  16  1:16  Extractor  
  16  1:17  Drone  
  17  1:23  Overlord  
  17  1:30  Drone  
  18  1:55  Queen  
  18  1:56  Zergling x4  
  18  2:00  Baneling Nest  
  21  2:02  Spine Crawler  
  21  2:03  Zergling x2  
  21  2:07  Zergling x2  
  22  2:13  Zergling x2  
  23  2:17  Zergling x2  
  24  2:30  Drone  
  24  2:32  Drone  
  27  2:39  Roach Warren  
  27  2:56  Hatchery  
  26  3:00  Drone  
  26  3:05  Drone  
  26  3:06  Drone  
  26  3:12  Drone  
  28  3:19  Drone x2  
  30  3:32  Overlord  
  30  3:45  Overlord  
  30  3:50  Queen  
  30  3:51  Roach x2  
  30  3:52  Roach  
  38  4:11  Drone  
  38  4:12  Drone x2  
  41  4:19  Drone  
  41  4:21  Drone  
  43  4:26  Lair  
  43  4:30  Drone  
  44  4:31  Overlord  
  44  4:38  Evolution Chamber  
  43  4:46  Drone x3  
  43  4:47  Drone x2  
  48  4:56  Overlord  
  48  5:01  Extractor  
  48  5:02  Drone  
  48  5:03  Zerg Missile Weapons Level 1, Extractor  
  48  5:04  Drone x3  
  50  5:11  Drone x2  
  50  5:14  Drone x3  
  54  5:23  Glial Reconstitution  
  54  5:25  Overseer  
  54  5:30  Overlord, Hatchery  
  54  5:32  Drone  
  54  5:33  Roach  
  56  5:38  Queen  
  58  5:43  Drone  
  58  5:45  Overlord  
  59  5:53  Roach x2  
  59  5:54  Roach x2  
  67  5:58  Roach  
  67  6:02  Roach  
  71  6:07  Roach x2  
  75  6:11  Overlord x2  
  75  6:22  Overlord  
  75  6:25  Overlord  
  75  6:28  Overlord  
  75  6:31  Roach  
  75  6:32  Roach x3  
  83  6:36  Overlord  
  83  6:40  Overlord, Roach  
  83  6:45  Roach x2  
  89  6:53  Drone x5  
  94  6:57  Zerg Missile Weapons Level 2  
  94  7:02  Drone x2  
  94  7:03  Drone  
  94  7:06  Ravager  
  94  7:07  Ravager x2  
  94  7:08  Ravager  
  101  7:12  Roach x2  
  101  7:13  Overseer  
  101  7:15  Roach  
  107  7:19  Roach  
  107  7:20  Roach  
  111  7:33  Drone  
  111  7:34  Drone x7  
  111  7:36  Extractor  
  118  7:37  Extractor  
  118  7:38  Roach  
  118  7:44  Roach x5  
  125  7:49  Overlord  
  129  7:53  Overlord  
  129  8:00  Overlord  
  129  8:09  Overlord  
  129  8:12  Roach x5  
  145  8:13  Roach x3  
  145  8:22  Roach x4  
  145  8:24  Overlord  
  153  8:28  Roach x3  
  153  8:29  Roach  
  153  8:34  Overlord  
  161  8:42  Overlord, Ravager  
  161  8:43  Ravager x2  
  164  8:48  Roach  
  164  8:49  Roach x2  
  164  8:51  Overlord x2  
  170  8:56  Roach x4  
  170  9:00  Overlord x2  
  178  9:08  Roach  
  178  9:09  Roach x3  
  186  9:12  Roach  
  186  9:22  Roach x3  
  186  9:23  Roach x2  
  168  9:28  Zerg Ground Armor Level 1  
  168  9:31  Roach x3  
  164  9:36  Roach  
  164  9:37  Roach  
  164  9:38  Roach  
  166  9:44  Roach  
  166  9:45  Roach x2  
  170  9:57  Roach x4  
  170  9:58  Roach x3  
  170  10:00  Roach  
  166  10:09  Roach x4  
  174  10:19  Roach x2  
  178  10:25  Roach  
  180  10:29  Roach, Hatchery  
  180  10:35  Roach x4  
  189  10:36  Extractor, Roach  
  189  10:38  Ravager x4  
  194  10:44  Roach x2  
  198  11:01  Roach  
  200  11:06  Spire  
  200  11:10  Roach x3  
  199  11:25  Zergling x2  
  157  11:47  Roach x10  
  157  11:48  Roach x12  
  182  12:00  Overseer  
  181  12:05  Drone x3  
  184  12:11  Overlord  
  184  12:14  Extractor x2  
  179  12:17  Mutalisk x4  
  179  12:20  Mutalisk  
  189  12:25  Mutalisk  
  189  12:28  Mutalisk  
  193  12:34  Mutalisk  
  195  12:42  Mutalisk  
  197  12:45  Roach  
  191  13:28  Mutalisk x5  
  199  13:40  Hydralisk Den  
  195  13:45  Mutalisk x3  
  195  13:48  Drone x2  
  181  14:18  Hydralisk x10  
  195  14:29  Hydralisk x4  
  185  14:39  Hydralisk, Muscular Augments  
  185  14:40  Queen  
  185  14:41  Queen x2  
  183  14:46  Hydralisk x2  
  187  14:54  Hydralisk x2  
  187  14:55  Hydralisk  
  187  14:59  Hydralisk  
  195  15:03  Hydralisk  
  195  15:04  Hydralisk x2  
  195  15:33  Hydralisk x9  
  200  15:36  Overseer  
  200  15:41  Roach x4  
  200  15:57  Evolution Chamber  
  199  16:18  Infestation Pit, Hydralisk  
  198  16:24  Hydralisk x3  
  199  16:31  Hydralisk x4  
  192  16:42  Overlord x2  
  175  16:55  Overlord x2  
  175  17:26  Overseer  
  175  17:36  Hatchery  
  148  18:14  Extractor  
Tags
 
Add a new tag
Caveats
  • Supply blocks, unpowered buildings, or Contaminate may cause inaccurate times.
  • Supply counts are checked every 10 seconds.